 Dungeon Crawl Stone Soup version 0.18.1-50-g88ac8fd (webtiles) character file.

763 MrAndersen the Skirmisher (level 7, 0/62 HPs)
             Began as a Hill Orc Fighter on Oct 17, 2016.
             Slain by a killer bee (4 damage)
             ... on level 7 of the Dungeon.
             The game lasted 00:39:20 (6433 turns).

MrAndersen the Skirmisher (Hill Orc Fighter)        Turns: 6433, Time: 00:39:21

Health: 0/62       AC: 11    Str: 21    XL:     7   Next: 81%
Magic:  7/7        EV:  4    Int:  8    God:
Gold:   338        SH:  9    Dex: 10    Spells: 0 memorised, 6 levels left

rFire  . . .     SeeInvis .     E - +0 mace
rCold  . . .     Gourm    .     B - +0 plate armour
rNeg   . . .     Faith    .     c - +0 shield
rPois  .         Spirit   .     (no helmet)
rElec  .         Dismiss  .     (no cloak)
rCorr  .         Reflect  .     (no gloves)
SustAt .         Harm     .     (no boots)
MR     .....                    (no amulet)
Stlth  ..........               (no ring)
                                (no ring)

@: lethally poisoned (0 -> -14), about to teleport, heavily drained, not
resistant to hostile enchantments, extremely unstealthy
A: no striking features
a: no special abilities


You were on level 7 of the Dungeon.
You were very hungry.

You visited 2 branches of the dungeon, and saw 8 of its levels.

You collected 357 gold pieces.
You spent 19 gold pieces at shops.

Inventory:

Hand Weapons
 a - a +0 war axe
 y - a +0 shortbow
 D - a +2 dagger of venom
 E - a +0 mace (weapon)
Missiles
 G - 31 arrows
Armour
 b - a +0 scale mail
 c - a +0 shield (worn)
 v - a +1 leather armour of cold resistance
 B - a +0 plate armour (worn)
Wands
 g - a wand of disintegration (6/24)
 I - a wand of lightning (8/15)
Scrolls
 h - 2 scrolls of enchant armour {unknown}
 i - a scroll of fear {unknown}
 j - 2 scrolls of identify
 k - a scroll of fog
 m - a scroll of enchant weapon {unknown}
 o - 2 scrolls of amnesia
 q - 2 scrolls of teleportation
 w - 2 scrolls of remove curse {unknown}
Potions
 d - 2 potions of might
 e - a potion of berserk rage {unknown}
 l - a potion of agility {unknown}
 n - 4 potions of curing {unknown}
 r - 3 potions of flight
 s - a potion of invisibility {unknown}
 t - 2 potions of heal wounds {unknown}
 u - 2 potions of cure mutation {unknown}
 z - a potion of haste {unknown}
 A - a potion of degeneration {unknown}
 F - a potion of mutation {unknown}
Comestibles
 f - 4 bread rations
 p - 4 meat rations
 x - 5 slices of pizza
 C - 7 fruits


   Skills:
 + Level 5.8(4.1) Fighting
 - Level 4.1(3.1) Axes
 + Level 2.9(2.1) Maces & Flails
 + Level 5.2(3.6) Armour
 - Level 1.7(0.3) Dodging
 - Level 0.1(0.0) Stealth
 + Level 5.8(4.2) Shields


You had 6 spell levels left.
You didn't know any spells.

Dungeon Overview and Level Annotations

Branches:
Dungeon (7/15)             Temple (1/1) D:4

Altars:
Ashenzari
Fedhas
Gozag
Kikubaaqudgha
Nemelex Xobeh
Qazlal
Ru
Vehumet
Xom
Yredelemnul
Zin
The Shining One

Shops:
D:5 *


Message History

The killer bee poisons you!
The killer bee stings you but does no damage.
* * * LOW HITPOINT WARNING * * *
You feel sick.
* * * LOW HITPOINT WARNING * * *
You feel sick.
The killer bee stings you but does no damage.
* * * LOW HITPOINT WARNING * * *
You feel sick. The killer bee barely misses you.
Drink which item? (? for menu, Esc to quit)
Okay, then.
Read which item? (? for menu, Esc to quit)
As you read the scroll of teleportation, it crumbles to dust.
You feel strangely unstable.
* * * LOW HITPOINT WARNING * * *
You feel sick. You block the killer bee's attack. The killer bee stings you.
* * * LOW HITPOINT WARNING * * *
* * * LOW HITPOINT WARNING * * *
You feel sick. The killer bee stings you.
You die...

###### ##### $.....
# ...# ...... ##.#
#####.######......
..... #......@yyyy#
......##.##.#####.#
..............yy..#
..######.#.....y#.#
#.########.# ...
#.# $..## #.# ...##
#.# #... ...


You could see 4 killer bees.

Vanquished Creatures
  Eustachio (D:4)
  A sky beast (D:6)
  A centaur (D:6)
  A giant frog (D:7)
  A scorpion (D:4)
  A crimson imp (D:5)
  A quasit (D:5)
  A worker ant (D:6)
  A hound zombie (D:5)
  9 adders
  An ooze (D:2)
  5 worms
  3 dart slugs (D:1)
  5 giant geckos
  17 orcs
  3 ball pythons
  5 giant cockroaches
  8 goblins
  8 hobgoblins
  7 jackals
  7 kobolds
  2 quokkas
  8 bats
  4 giant newts
  13 rats
114 creatures vanquished.

Notes
Turn   | Place    | Note
--------------------------------------------------------------
     0 | D:1      | MrAndersen the Hill Orc Fighter began the quest for the Orb.
     0 | D:1      | Reached XP level 1. HP: 19/19 MP: 1/1
   206 | D:1      | Reached XP level 2. HP: 27/27 MP: 2/2
   523 | D:1      | Reached XP level 3. HP: 16/33 MP: 3/3
  1099 | D:2      | Reached XP level 4. HP: 27/40 MP: 4/4
  1267 | D:2      | Found a stormy altar of Qazlal.
  1319 | D:2      | Found a basalt altar of Yredelemnul.
  1923 | D:3      | Reached skill level 1 in Dodging
  1928 | D:3      | Reached XP level 5. HP: 39/46 MP: 5/5
  3132 | D:4      | Reached XP level 6. HP: 52/52 MP: 6/6
  3260 | D:4      | Found a staircase to the Ecumenical Temple.
  3268 | Temple   | Entered the Ecumenical Temple
  3365 | D:4      | Found a shattered altar of Ashenzari.
  3475 | D:4      | Noticed Eustachio
  4691 | D:5      | Entered Level 5 of the Dungeon
  4759 | D:4      | Killed Eustachio
  4759 | D:4      | Reached skill level 1 in Maces & Flails
  4759 | D:4      | Reached skill level 5 in Shields
  4935 | D:5      | Found Yruoff's General Store.
  4941 | D:5      | Bought a slice of pizza for 19 gold pieces
  4972 | D:5      | Found a sacrificial altar of Ru.
  5029 | D:5      | Reached skill level 5 in Fighting
  5029 | D:5      | Reached XP level 7. HP: 61/61 MP: 7/7
  5078 | D:5      | Found a glowing silver altar of Zin.
  5769 | D:6      | Found a blossoming altar of Fedhas.
  5877 | D:6      | Reached skill level 5 in Armour
  5927 | D:6      | Found an ancient bone altar of Kikubaaqudgha.
  6433 | D:7      | Slain by a killer bee

Skill      XL: |  1  2  3  4  5  6  7 |
---------------+----------------------+-----
Axes           | 3 4 |  4.1
Fighting       | 4 5 |  5.8
Shields        | 4 5 |  5.8
Armour         | 4 5 |  5.2
Dodging        | 1 |  1.7
Maces & Flails | 1 2 |  2.9
Stealth        | |  0.1

Action                   |  1- 3 |  4- 6 |  7- 9 || total
-------------------------+-------+-------+-------++-------
Melee: War axe           |    99 |   243 |       ||   342
       Mace              |       |    80 |   115 ||   195
       Short sword       |       |    17 |       ||    17
Evoke: Wand              |       |     5 |     4 ||     9
  Use: Scroll            |       |    10 |     5 ||    15
  Eat: Chunk             |       |    10 |     3 ||    13
       Bread ration      |       |     1 |       ||     1
Armor: Scale mail        |    43 |   198 |       ||   241
       Plate armour      |       |    26 |    77 ||   103
Dodge: Dodged            |    37 |   212 |    22 ||   271
Block: Shield            |    51 |   314 |    73 ||   438
